 Dungeon Crawl Stone Soup version 0.30-b1-2-g02819fbbbe (webtiles) character file.

Game seed: 15727737159216927756

47 snakesoul the Magician (level 3, -2/25 HPs)
             Began as a Djinni Fire Elementalist on June 5, 2023.
             Was an Initiate of Ashenzari.
             Slain by Crazy Yiuf
             ... wielding a +2 quarterstaff of chaos
              (4 damage)
             ... on level 2 of the Dungeon.
             The game lasted 00:02:18 (972 turns).

snakesoul the Magician (Djinni Fire Elementalist)    Turns: 972, Time: 00:02:20

Health: -2/25      AC:  2    Str:  7    XL:     3   Next: 97%
Gold:   132        EV: 12    Int: 18    God:    Ashenzari [......] SH:  0 Dex: 13

rFire   + + .        d - +3 hammer
rCold   x . .        (no shield)
rNeg    . . .        a - +0 robe
rPois   ∞            (no helmet)
rElec   .            (no cloak)
rCorr   .            (no gloves)
SInv    .            (boots unavailable)
Will    .....        (no amulet)
Stlth   ++           (no ring)
HPRegen 0.24/turn    (no ring)
MPRegen 0.00/turn

%: infuse magic (-3 HP)
@: flying, slowed, very slow
A: sickness immunity, fire resistance 2, cold vulnerability 1, float, innate
caster, HP casting, extra vitality 1
a: Renounce Religion


You were on level 2 of the Dungeon.
You worshipped Ashenzari.
Ashenzari was noncommittal.
You visited 1 branch of the dungeon, and saw 2 of its levels.

You collected 132 gold pieces.

Inventory:

Hand Weapons
 d - a +3 hammer (weapon)
Armour
 a - a +0 robe (worn)


   Skills:
 - Level 2.1 Dodging
 - Level 1.5 Stealth
 + Level 3.5 Spellcasting


You knew the following spells:

 Your Spells              Type           Power      Damage    Failure   Level
a - Foxfire               Conj/Fire      64%        2x1d7     3%          1
b - Scorch                Fire           32%        2d6       5%          2
c - Volatile Blastmotes   Fire/Tloc      32%        2d12      11%         3
d - Inner Flame           Hex/Fire       16%        N/A       11%         3
e - Flame Wave            Conj/Fire      16%        2d7       34%         4
f - Summon Small Mammal   Summ           64%        N/A       3%          1
Your spell library was empty.

Dungeon Overview and Level Annotations

Branches:
Dungeon (1/15)

Altars:
Ashenzari

Annotations:
D:2 Crazy Yiuf


Innate Abilities, Weirdness & Mutations

You are immune to sickness and miasma.
You are immune to poison.
Your flesh is very heat resistant. (rF++)
You are vulnerable to cold. (rC-)
You float through the air rather than walking.
You learn spells naturally, not from books.
Your magical power is your life essence.
You have superior vitality. (+4 MHP)


Message History

Crazy Yiuf hits you with a +2 quarterstaff of chaos.
Crazy Yiuf freezes you. Crazy Yiuf completely misses you.
Crazy Yiuf hits you with a +2 quarterstaff of chaos.
* * * LOW HITPOINT WARNING * * *
You're too terrified to move while being watched!
You're too terrified to move while being watched!
You're too terrified to move while being watched!
Your transformation is almost over.
Crazy Yiuf barely misses you. Crazy Yiuf hits you but does no damage.
Crazy Yiuf completely misses you. Crazy Yiuf completely misses you.
Crazy Yiuf barely misses you.
You aren't carrying any potions.
As you read the scroll labelled LEFRYQ JE HABB, it crumbles to dust.
It is a scroll of identify.
You don't currently have any unidentified items.
Crazy Yiuf grits, "Adder action Orb Guardian!"
Crazy Yiuf hits you with a +2 quarterstaff of chaos.
* * * LOW HITPOINT WARNING * * *
Crazy Yiuf burns you.
* * * LOW HITPOINT WARNING * * *
You're too terrified to move while being watched!
You're too terrified to move while being watched!
You're too terrified to move while being watched!
You're too terrified to move while being watched!
You're too terrified to move while being watched!
You're too terrified to move while being watched!
Crazy Yiuf closely misses you. x2
Crazy Yiuf closely misses you. Crazy Yiuf closely misses you.
Crazy Yiuf misses you.
You stop sporulating.
Your +3 hammer unmelds from your body.
Your +0 robe unmelds from your body.
Crazy Yiuf misses you.
Casting: Volatile Blastmotes (quite dangerous; 11% risk of failure)
Confirm with . or Enter, or press ? or * to list all spells.
Flames lash Crazy Yiuf.
Crazy Yiuf is severely wounded.
Crazy Yiuf's fire resistance burns away.
* * * LOW HITPOINT WARNING * * *
Crazy Yiuf hits you with a +2 quarterstaff of chaos.
You die...

##...#.######
###
##.....##...#
#....####...#
#####
....##......#
#..)#
#...##.##...#
#...#
.......##...#
.))
#.###########
#'# #.## ####
##g# ...## #..#
#@## ....#
###.## ##.#
....####.#.##
#.##
###.#.......#
##.## #
#.#..###..#
#...##
###......#..#
#..).#
.####..#....#
#...)# .#
#.#.#.#.###....#
.#
#.........##...#


You could see Crazy Yiuf (combustible).

Vanquished Creatures
  3 adders (D:2)
  A dart slug (D:2)
  A ball python (D:2)
  3 bats (D:2)
  An endoplasm (D:2)
  A giant cockroach (D:2)
  A hobgoblin (D:2)
  2 jackals (D:2)
  A quokka (D:1)
  3 frilled lizards (D:2)
  A kobold (D:2)
  2 rats (D:2)
20 creatures vanquished.

Vanquished Creatures (others)
  114 foxfires
114 creatures vanquished.

Grand Total: 134 creatures vanquished

Notes
Turn   | Place    | Note
-------+----------+-------------------------------------------
     0 | D:1      | snakesoul the Djinni Fire Elementalist began the quest for
                  | the Orb.
     0 | D:1      | snakesoul set off with the following spells memorised:
                  | Foxfire, Scorch, Volatile Blastmotes, Inner Flame, Flame
                  | Wave.
     0 | D:1      | Reached XP level 1. HP: 15/15 MP: 0/0
    77 | D:1      | You are sucked into a shaft and drop 1 floor!
    85 | D:2      | Reached XP level 2. HP: 7/21 MP: 0/0
   267 | D:2      | Reached skill level 3 in Spellcasting
   327 | D:2      | Reached XP level 3. HP: 19/25 MP: 0/0
   327 | D:2      | Learned a level 1 spell: Summon Small Mammal
   583 | D:2      | Found a faded altar of an unknown god.
   753 | D:2      | Found a broken altar of Ashenzari.
   762 | D:2      | Became a worshipper of Ashenzari the Shackled
   911 | D:2      | Found a runed translucent door.
   912 | D:2      | Noticed Crazy Yiuf
   972 | D:2      | Slain by Crazy Yiuf

Illustrated notes

Levels and vault maps discovered:
D:1:      dpeg_arrival_signposts, layout_basic
D:2:      layout_loops_cross, ebering_ecumenical_altar_rust, basic_altar,
          chequers_decorated_corner, uniq_crazy_yiuf_cottage

Skill      XL: |  1  2 |
---------------+-------+-----
Spellcasting   | 3 |  3.5
Dodging        | |  2.1
Stealth        | |  1.5

Action                     || total
---------------------------++-------
  Melee: Rapier            ||     1
   Cast: Foxfire           ||    77
         Scorch            ||     1
         Volatile Blastmot ||     1
    Use: Scroll            ||     1
 Armour: Robe              ||     2
         Skin              ||     2
  Dodge: Dodged            ||    23
